Map: Dusk Towers

Players

Kornel

  • Race: Terran Terran
  • League: Silver

Gød - Winner!

  • Race: Terran Terran

VOD

Have the link to the VOD?

Description

Successful Six Rax build against Silver Player in Legacy of the Void from https://www.reddit.com/r/AllThingsTerran/comments/3t36zq/tve_mma_six_rax_lotv/

Time

  • Played on: Nov. 18, 2015, 5:36 a.m.
  • Length: 3:58
Show
View Real Time Build Order
Export as new Build Order

Kornel Terran 

Build Orders: Reaper Expand 

Get SALT Encoding   

  12  0:03  SCV  
  13  0:21  Supply Depot  
  13  0:24  SCV  
  14  0:28  Refinery  
  14  0:36  SCV  
  15  0:46  Barracks  
  15  0:50  SCV  
  16  1:02  SCV  
  17  1:16  SCV  
  18  1:34  Reaper  
  19  1:43  Command Center  
  19  1:59  Factory, Orbital Command  
  19  2:12  Supply Depot  
  19  2:30  SCV  
  20  2:49  Widow Mine  
  22  3:07  Bunker  
  22  3:14  Barracks Reactor  
  22  3:16  Barracks  
  22  3:17  Widow Mine  
  22  3:19  Barracks  
Show
View Real Time Build Order
Export as new Build Order

Gød Terran - Winner!

Build Orders:  

Get SALT Encoding   

  12  0:02  SCV  
  13  0:14  SCV  
  13  0:18  Supply Depot  
  14  0:26  SCV  
  15  0:41  SCV, Barracks  
  16  0:53  SCV  
  17  1:02  Barracks  
  17  1:05  SCV  
  19  1:30  Barracks, Marine  
  19  1:32  Orbital Command  
  19  1:38  Barracks  
  19  1:48  Marine  
  19  1:52  Marine  
  21  1:55  Barracks  
  21  2:03  Barracks  
  21  2:06  Marine  
  22  2:11  Marine  
  23  2:20  Marine  
  24  2:24  Marine  
  24  2:27  Marine  
  24  2:29  Supply Depot, Marine  
  27  2:38  Marine  
  28  2:48  Marine x2  
  28  2:50  Marine  
  28  2:51  Marine x2  
  31  2:56  Marine  
  34  3:06  Marine x2  
  34  3:08  Marine  
  34  3:11  Supply Depot  
  37  3:13  Marine  
  37  3:15  Marine  
  39  3:32  Marine x4  
  39  3:34  Supply Depot  
  43  3:35  Marine  
  43  3:39  Marine  
Tags
 
Add a new tag
Caveats
  • Supply blocks, unpowered buildings, or Contaminate may cause inaccurate times.
  • Supply counts are checked every 10 seconds.